Map: Frozen Temple

Players

PtitDrogo - Winner!

  • Race: Protoss Protoss

MaSa

  • Race: Terran Terran

Event: IEM Season 11 - Shanghai

VOD

Have the link to the VOD?

Description

Time

  • Played on: July 27, 2016, 8:21 a.m.
  • Length: 4:48

All games in this series

Show
View Real Time Build Order
Export as new Build Order

PtitDrogo Protoss - Winner!

Build Orders: 1 Gate Expand 

Get SALT Encoding   

  12  0:01  Probe (Chrono Boost)  
  13  0:11  Probe (Chrono Boost)  
  14  0:17  Pylon  
  14  0:22  Probe (Chrono Boost)  
  15  0:36  Probe (Chrono Boost)  
  15  0:37  Gateway  
  16  0:46  Probe (Chrono Boost)  
  16  0:47  Assimilator  
  18  0:57  Probe (Chrono Boost)  
  18  1:07  Probe (Chrono Boost)  
  19  1:18  Nexus  
  19  1:23  Probe (Chrono Boost)  
  20  1:32  Cybernetics Core  
  20  1:34  Probe (Chrono Boost)  
  20  1:39  Assimilator  
  21  1:44  Probe (Chrono Boost)  
  22  1:49  Pylon  
  22  1:55  Probe (Chrono Boost)  
  23  2:03  Warp Gate  
  23  2:05  Adept  
  26  2:08  Probe (Chrono Boost)  
  26  2:21  Probe (Chrono Boost)  
  26  2:22  Robotics Facility  
  27  2:31  Stalker  
  27  2:33  Probe x2 (Chrono Boost)  
  33  2:45  Probe x2 (Chrono Boost)  
  33  2:57  Probe x2 (Chrono Boost), Stalker  
  37  3:06  Observer  
  37  3:09  Probe x2 (Chrono Boost)  
  40  3:14  Gateway  
  40  3:15  Gateway  
  40  3:18  Pylon  
  40  3:22  Pylon  
  40  3:25  Stalker  
  42  3:38  Immortal  
  42  3:39  Probe (Chrono Boost)  
  42  3:40  Mothership Core (Chrono Boost)  
  49  4:04  Pylon  
  49  4:06  Stalker  
  51  4:10  Stalker x2  
  52  4:31  Probe (Chrono Boost)  
  52  4:33  Probe (Chrono Boost)  
Show
View Real Time Build Order
Export as new Build Order

MaSa Terran 

Build Orders: 1/1/1, Liberator Opening 

Get SALT Encoding   

  12  0:00  SCV  
  13  0:12  SCV  
  14  0:17  Supply Depot  
  14  0:24  SCV  
  15  0:39  SCV  
  15  0:40  Barracks  
  16  0:44  Refinery  
  16  0:49  Refinery  
  16  0:52  SCV  
  17  1:04  SCV  
  18  1:17  SCV  
  19  1:27  Marine  
  20  1:34  Orbital Command  
  20  1:35  Factory  
  20  1:45  Barracks Reactor  
  20  1:49  Supply Depot  
  20  1:59  SCV  
  21  2:11  SCV  
  22  2:21  Factory Tech Lab, Starport  
  22  2:22  Marine x2  
  24  2:23  SCV  
  24  2:29  Supply Depot  
  26  2:39  Siege Tank  
  26  2:41  Marine  
  26  2:44  Marine  
  29  2:48  SCV  
  31  2:57  Medivac  
  33  3:00  Supply Depot  
  33  3:02  Marine  
  33  3:05  Marine  
  35  3:09  SCV  
  36  3:18  Siege Tank  
  39  3:21  Marine  
  39  3:24  Liberator  
  39  3:29  Supply Depot  
  39  3:30  SCV  
  39  3:32  Marine  
  41  3:45  Marine  
  45  3:50  Marine  
  46  4:01  Bunker  
  46  4:02  Marine  
  46  4:03  Bunker  
  46  4:10  Marine  
  46  4:20  Marine  
  46  4:28  Marine  
  40  4:33  SCV  

Tags
 
Add a new tag
Caveats
  • Supply blocks, unpowered buildings, or Contaminate may cause inaccurate times.
  • Supply counts are checked every 10 seconds.